 Dungeon Crawl Stone Soup version 0.31-a0-188-g5e087ee2ca (webtiles) character file.

Game seed: 12717907097461346928

284 qw the Skirmisher (level 6, -3/35 HPs)
             Began as a Deep Elf Hunter on June 23, 2023.
             Slain by a gnoll
             ... wielding a +0 flail
              (33 damage)
             ... on level 4 of the Dungeon.
             The game lasted 00:00:23 (1185 turns).

qw the Skirmisher (Deep Elf Hunter)                 Turns: 1185, Time: 00:00:23

Health: -3/35      AC:  3    Str: 10    XL:     6   Next: 7%
Magic:  8/8        EV:  2    Int: 14    God:
Gold:   50         SH:  0    Dex: 18    Spells: 5/5 levels left

rFire   . . .        a - +0 shortbow
rCold   . . .        (shield currently unavailable)
rNeg    . . .        c - +0 leather armour
rPois   .            (no helmet)
rElec   .            (no cloak)
rCorr   .            (no gloves)
SInv    .            (no boots)
Will    .....        (no amulet)
Stlth   ++           (no ring)
HPRegen 0.25/turn    (no ring)
MPRegen 0.11/turn

%: no passive effects
@: sleeping
A: no striking features
a: no special abilities


You were on level 4 of the Dungeon.
You visited 1 branch of the dungeon, and saw 3 of its levels.

You collected 50 gold pieces.


   Skills:
 - Level 2.0 Fighting
 + Level 9.2 Ranged Weapons
 - Level 3.1 Dodging
 - Level 1.2 Stealth


You had 5 spell levels left.
You didn't know any spells.
Your spell library was empty.

Inventory:

Hand Weapons
 a - a +0 shortbow (weapon)
Armour
 c - a +0 leather armour (worn)
Potions
 b - a potion of haste {unknown}

Dungeon Overview and Level Annotations

Branches:
Dungeon (2/15)

Altars:
Nemelex Xobeh

Shops:
D:4 [


Message History

You now have 50 gold pieces (gained 9).
b - a smoky blue potion
Enter note:
Found a robe.
Enter note: A gnoll comes into view. It is wielding a +0 club.
Enter note: You shoot an arrow.
The arrow hits the gnoll.
The gnoll shouts!
The gnoll is heavily wounded.
You hear an angry hiss.
You shoot an arrow. The arrow hits the gnoll.
The gnoll is severely wounded.
A gnoll comes into view. It is wielding a +0 whip.
You shoot an arrow. The arrow closely misses the gnoll.
The gnoll shouts!
You shoot an arrow. The arrow hits the gnoll!
You kill the gnoll!
A gnoll comes into view. It is wielding a +0 flail.
You have reached level 6!
You shoot an arrow. The arrow barely misses the gnoll.
The gnoll shouts!
A sleepcap comes into view.
You shoot an arrow. The arrow hits the sleepcap.
The sleepcap is moderately damaged.
You shoot an arrow.
The arrow hits the sleepcap but does no damage.
The sleepcap is moderately damaged.
You shoot an arrow. The arrow hits the gnoll!
The gnoll is severely wounded.
You shoot an arrow. The arrow hits the gnoll!
You kill the gnoll!
You shoot an arrow. The arrow hits the sleepcap!
The sleepcap is heavily damaged.
The sleepcap releases spores at you.
You are engulfed in a cloud of soporific spores!
You fall asleep.
The gnoll hits you with a +0 flail!!
Ouch! That really hurt!
You die...

....PP......[#
##...PPPPPPP...
#....PPPPPPP...
##.............
##.##.............
#..............##
................#
............g..##.. ..
#....#..##@f..)... #..
#....#..###.#.....
###..##..>.#..##..#
...!
#................#.
..#
#...........#...##..
##
#.....#....####(.....#
......#......# .......
...#..#...#.##
....##..
........###.........#


You could see a sleepcap and a gnoll.

Vanquished Creatures
  Sigmund (D:2)
  A hound (D:4)
  An iguana (D:4)
  2 gnolls (D:4)
  An adder (D:4)
  A dart slug (D:1)
  4 endoplasms
  2 goblins
  2 jackals (D:1)
  3 quokkas
  2 ball pythons
  2 bats (D:1)
  2 kobolds (D:1)
  2 rats
26 creatures vanquished.

Notes
Turn   | Place    | Note
-------+----------+-------------------------------------------
     0 | D:1      | qw the Deep Elf Hunter began the quest for the Orb.
     0 | D:1      | Reached XP level 1. HP: 12/12 MP: 3/3
     0 | D:1      | 0 ||| qw: Version: 0.3-a-9-g12657ce
     0 | D:1      | 0 ||| qw: Game counter: 3939
     0 | D:1      | 0 ||| qw: Always use a shield: true
     0 | D:1      | 0 ||| qw: God list: Okawaru
     0 | D:1      | 0 ||| qw: Allow faded altars: false
     0 | D:1      | 0 ||| qw: Do Orc after D:15 true
     0 | D:1      | 0 ||| qw: Do second Lair branch before Depths: true
     0 | D:1      | 0 ||| qw: Lair rune preference: random
     0 | D:1      | 0 ||| qw: Plans: Normal
     0 | D:1      | 0 ||| PLANNING D:1-11
   451 | D:1      | Reached skill level 6 in Ranged Weapons
   451 | D:1      | Reached XP level 2. HP: 16/16 MP: 4/4
   765 | D:1      | Found a faded altar of an unknown god.
   800 | D:1      | 800 ||| DROPPING scroll of butterflies.
   848 | D:2      | Noticed Sigmund
   854 | D:2      | 854 ||| STAIRDANCE
   885 | D:2      | 885 ||| STAIRDANCE
   909 | D:2      | Killed Sigmund
   910 | D:2      | Reached skill level 9 in Ranged Weapons
   910 | D:2      | Reached XP level 3. HP: 20/20 MP: 5/5
   910 | D:2      | Reached XP level 4. HP: 25/25 MP: 6/6
   910 | D:2      | Reached XP level 5. HP: 29/29 MP: 7/7
  1024 | D:2      | You fall into a shaft and drop 2 floors!
  1024 | D:4      | Found a sparkling altar of Nemelex Xobeh.
  1036 | D:4      | Reached skill level 3 in Dodging
  1059 | D:4      | Found Luuhoneg's Armour Shoppe.
  1127 | D:4      | 1127 ||| SHOPLISTING +0 pair of gloves (63 gold, have 41).
  1127 | D:4      | 1127 ||| SHOPLISTING +0 ring mail (56 gold, have 41).
  1127 | D:4      | 1127 ||| SHOPLISTING +1 robe "Gorut" {*Corrode rF+ rN+
                  | Stlth+} (295 gold, have 41).
  1179 | D:4      | Reached XP level 6. HP: 35/35 MP: 8/8
  1185 | D:4      | Slain by a gnoll

Levels and vault maps discovered:
D:1:      co_arrival_square_in_a_square_in_a_square, layout_basic,
          dreamdust_ecumenical_altar_angels_and_demons,
          hangedman_decor_opposing, dk_noncrumbling_2
D:2:      layout_loops_corners, minmay_heptomino_h4, uniq_sigmund
D:4:      layout_cave_pools, nicolae_overflow_crystal_walls,
          mainiacjoe_overflow_chevrons, gammafunk_temple_overflow_pools,
          lemuel_round_altar, minmay_temple_entry_stoned_glass, serial_shops,
          nicolae_shop_statue_plus, corexii_shack, kennysheep_generic_room_2

Skill      XL: |  1  2  3  4  5 |
---------------+----------------+-----
Ranged Weapons | 6 9 |  9.2
Dodging        | 3 |  3.1
Fighting       | 2 |  2.0
Stealth        | |  1.2

Action                     |  1- 3 |  4- 6 || total
---------------------------+-------+-------++-------
   Fire: Shortbow          |    56 |    44 ||   100
 Armour: Leather armour    |     4 |     3 ||     7
  Dodge: Dodged            |    18 |     7 ||    25

Table legend:
 A = Non-vault XP
 B = Vault XP
 C = Vault XP percentage of total XP
 D = Non-vault monster count
 E = Vault monster count
 F = Vault count percentage of total count
                 A         B        C        D         E       F
            +---------+---------+-------+---------+---------+-------
      Total |     155 |     251 |  61.8 |      25 |       1 |   3.8
            +---------+---------+-------+---------+---------+-------
        D:1 |      24 |       0 |   0.0 |      14 |       0 |   0.0
        D:2 |       5 |     251 |  98.0 |       3 |       1 |  25.0
        D:4 |     126 |       0 |   0.0 |       8 |       0 |   0.0
            +---------+---------+-------+---------+---------+-------
